 Dungeon Crawl Stone Soup version 0.23.1 (webtiles) character file.

Game seed: 5995443402946340768

242 Sandy the Cudgeler (level 5, -6/46 HPs)
             Began as a Deep Dwarf Fighter on Mar 5, 2019.
             Was an Initiate of Okawaru.
             Mangled by an iguana (8 damage)
             ... on level 2 of the Dungeon.
             The game lasted 00:09:04 (1600 turns).

Sandy the Cudgeler (Deep Dwarf Fighter)             Turns: 1600, Time: 00:09:05

Health: -6/46      AC:  6    Str: 20    XL:     5   Next: 81%
Magic:  4/4        EV:  7    Int:  8    God:    Okawaru [......]
Gold:   83         SH:  9    Dex: 13    Spells: 4/4 levels left

rFire    . . .     SeeInvis .   q - +4 dagger
rCold    . . .     Gourm    .   c - +0 shield
rNeg     + . .     Faith    .   b - +0 scale mail
rPois    .         Spirit   .   (no helmet)
rElec    .         Reflect  .   m - scarf {cloud immunity}
rCorr    .         Harm     .   (no gloves)
MR       .....     Rnd*Tele +   (no boots)
Stlth    ..........             (no amulet)
HPRegen  0.00/turn              p - ring of teleportation (curse)
MPRegen  0.09/turn              r - ring of positive energy

@: non-regenerating
A: damage resistance, heal wounds, sense surroundings 1, no regeneration
a: Heal Wounds, Renounce Religion


You were on level 2 of the Dungeon.
You worshipped Okawaru.
Okawaru was noncommittal.
You were not hungry.

You visited 1 branch of the dungeon, and saw 6 of its levels.

You collected 83 gold pieces.

Inventory:

Hand Weapons
 a - a +0 flail
 q - a +4 dagger (weapon)
Missiles
 i - 86 stones (quivered)
Armour
 b - a +0 scale mail (worn)
 c - a +0 shield (worn)
 m - a scarf of cloud immunity (worn)
Jewellery
 p - a cursed ring of teleportation (left hand)
 r - a ring of positive energy (right hand)
Scrolls
 e - 3 scrolls of remove curse {unknown}
 g - 10 scrolls of identify {unknown}
 j - a scroll of teleportation {unknown}
 k - 4 scrolls of blinking {unknown}
 s - a scroll of noise {unknown}
 v - a scroll of amnesia {unknown}
Potions
 d - a potion of might
 h - a potion of brilliance {unknown}
 l - a potion of flight {unknown}
 n - a potion of heal wounds {unknown}
 o - a potion of haste {unknown}
 u - a potion of mutation {unknown}
Comestibles
 f - 7 rations
 t - 2 chunks of flesh


   Skills:
 - Level 2.6 Fighting
 + Level 6.2 Maces & Flails
 - Level 3.2 Armour
 - Level 3.2 Shields


You had 4 spell levels left.
You didn't know any spells.
Your spell library was empty.

Dungeon Overview and Level Annotations

Branches:
Dungeon (6/15)
 Temple: D:4-7

Altars:
Cheibriados
Kikubaaqudgha
Okawaru
Trog
Uskayaw
Wu Jian


Innate Abilities, Weirdness & Mutations

You are resistant to damage.
You can heal yourself by infusing magical energy.
You passively map a small area around you.
You do not regenerate.


Message History

The iguana barely misses you.
You hit the iguana but do no damage.
The iguana is moderately wounded.
The iguana bites you but does no damage.
You hit the iguana.
The iguana is moderately wounded.
The iguana bites you but does no damage.
You hit the iguana.
The iguana is heavily wounded.
The iguana bites you.
* * * LOW HITPOINT WARNING * * *
You hit the iguana.
The iguana is severely wounded.
The iguana bites you but does no damage.
You hit the iguana but do no damage.
The iguana is severely wounded.
The iguana bites you!
* * * LOW HITPOINT WARNING * * *
You fail to use your ability.
The iguana bites you!
You die...

#.# #....##......# #.#
####.####....# #.#
#.####..... #)##
###.......... #..#
#.....†.###.. ##.#
#.......# ## #.#
#.......# ####.#
#.......# #.l@.#
#..###..# * #.#### #..#
#..# # #>.###..# ,*
##....####### *
##.#....#### *
####.#.._.#Z##
#.........####
#.#..#.#######
#########.#####.#..#..#
*


You could see an iguana.

Vanquished Creatures
  A hound (D:6)
  A jelly (D:6)
  An orc wizard (D:3)
  6 adders (D:2)
  A gnoll (D:1)
  An ooze (D:1)
  2 dart slugs
  5 leopard geckos
  8 orcs
  2 ball pythons
  5 bats
  3 giant cockroaches
  6 goblins
  6 hobgoblins
  4 jackals (D:2)
  2 frilled lizards (D:1)
  11 kobolds
  7 rats
72 creatures vanquished.

Vanquished Creatures (others)
  A human (D:2)
1 creature vanquished.

Grand Total: 73 creatures vanquished

Notes
Turn   | Place    | Note
-------+----------+-------------------------------------------
     0 | D:1      | Sandy the Deep Dwarf Fighter began the quest for the Orb.
     0 | D:1      | Reached XP level 1. HP: 20/20 MP: 1/1
    56 | D:2      | Reached XP level 2. HP: 20/27 MP: 2/2
    65 | D:2      | Reached skill level 3 in Maces & Flails
   104 | D:2      | Reached XP level 3. HP: 18/33 MP: 3/3
   143 | D:2      | Found an ornate altar of the Wu Jian Council.
   183 | D:2      | Reached skill level 4 in Maces & Flails
   354 | D:3      | Reached XP level 4. HP: 14/40 MP: 4/4
   429 | D:5      | Entered Level 5 of the Dungeon
   469 | D:6      | Reached skill level 5 in Maces & Flails
   479 | D:6      | Found a bloodstained altar of Trog.
   482 | D:6      | Found a snail-covered altar of Cheibriados.
   485 | D:6      | Found a hide-covered altar of Uskayaw.
   488 | D:6      | Found an iron altar of Okawaru.
   492 | D:6      | Became a worshipper of Warmaster Okawaru
   546 | D:5      | Noticed an ice beast
   614 | D:4      | Reached XP level 5. HP: 3/46 MP: 5/5
  1220 | D:1      | Reached skill level 6 in Maces & Flails
  1487 | D:2      | Found an ancient bone altar of Kikubaaqudgha.
  1490 | D:2      | Noticed a human
  1492 | D:2      | Killed a human
  1599 | D:2      | HP: 2/46 [iguana (5)]
  1600 | D:2      | Mangled by an iguana

Skill      XL: |  1  2  3  4  5 |
---------------+----------------+-----
Maces & Flails | 3 4 5 6 |  6.2
Fighting       | |  2.6
Armour         | |  3.2
Shields        | |  3.2

Action                   |  1- 3 |  4- 6 || total
-------------------------+-------+-------++-------
Melee: Flail             |    72 |   154 ||   226
       Dagger            |       |    88 ||    88
Throw: Stone             |       |     3 ||     3
 Abil: Heal Wounds       |       |     2 ||     2
  Eat: Chunk             |       |     3 ||     3
Armor: Scale mail        |    65 |   113 ||   178
Dodge: Dodged            |    46 |    77 ||   123
Block: Shield            |    80 |   128 ||   208
